 Dungeon Crawl Stone Soup version 0.30-a0-394-g3e4acdb0ae (webtiles) character file.

Game seed: 6288724138090641641

3496 greasedhog the Nimble (level 10, -1/80 HPs)
             Began as a Merfolk Fighter on Dec 6, 2022.
             Slain by a hornet (5 damage)
             ... on level 7 of the Dungeon.
             The game lasted 00:10:34 (8065 turns).

greasedhog the Nimble (Merfolk Fighter)             Turns: 8065, Time: 00:10:35

Health: -1/80      AC:  7    Str: 16    XL:     10   Next: 7%
Magic:  10/10      EV: 16    Int:  9    God:
Gold:   276        SH:  5    Dex: 17    Spells: 9/9 levels left

rFire   . . .      SeeInvis +    a - +0 long sword
rCold   + . .      Faith    .    c - +0 buckler
rNeg    . . .      Spirit   .    m - +0 ring mail
rPois   .          Reflect  .    h - +0 helmet
rElec   .          Harm     .    (no cloak)
rCorr   .          Rampage  .    (no gloves)
Will    .....                    f - +0 pair of boots
Stlth   +.........               (no amulet)
HPRegen 0.33/turn                v - ring of protection from cold
MPRegen 0.12/turn                y - ring of see invisible

@: lethally poisoned (-1 -> -12), slowed, very slow
A: (nimble swimmer 2), mertail
a: no special abilities


You were on level 7 of the Dungeon.
You visited 2 branches of the dungeon, and saw 8 of its levels.

You collected 276 gold pieces.

Inventory:

Hand Weapons
 a - a +0 long sword (weapon)
Armour
 c - a +0 buckler (worn)
 f - a +0 pair of boots (worn)
 h - a +0 helmet (worn)
 m - a +0 ring mail (worn)
Jewellery
 v - a ring of protection from cold (left hand)
 y - a ring of see invisible (right hand)
Scrolls
 b - a scroll of silence
 j - 2 scrolls of fear {unknown}
 k - 3 scrolls of enchant armour
 l - 2 scrolls of enchant weapon
 o - 7 scrolls of teleportation {unknown}
 p - a scroll of blinking {unknown}
 r - a scroll of immolation {unknown}
 s - 2 scrolls of amnesia {unknown}
 u - a scroll of poison {unknown}
 x - a scroll of summoning {unknown}
 A - a scroll of vulnerability {unknown}
Potions
 d - 2 potions of heal wounds {unknown}
 e - a potion of mutation
 i - 2 potions of lignification {unknown}
 n - a potion of might
 q - 2 potions of attraction {unknown}
 w - a potion of resistance {unknown}
 z - a potion of magic {unknown}


   Skills:
 + Level 7.6 Fighting
 * Level 10.9 Long Blades
 - Level 2.1 Armour
 * Level 11.5 Dodging
 - Level 3.0 Shields


You had 9 spell levels left.
You didn't know any spells.
Your spell library contained the following spells:

 Spells                   Type           Power      Damage    Failure   Level
 Magic Dart               Conj           0%         1d3       69%         1
 Necrotise                Necr           0%         1d4       69%         1
 Call Imp                 Summ           0%         N/A       83%         2
 Hailstorm                Conj/Ice       0%         3d3       96%         3
 Mephitic Cloud           Conj/Pois/Air  0%         N/A       96%         3
 Vampiric Draining        Necr           0%         2d6       96%         3
 Cause Fear               Hex            0%         N/A       100%        4
 Ice Form                 Ice/Tmut       0%         N/A       100%        4
 Agony                    Necr           0%         N/A       100%        5
 Simulacrum               Ice/Necr       0%         N/A       100%        6
 Dragon Form              Tmut           0%         N/A       100%        7
 Dragon's Call            Summ           0%         N/A       100%        9


Dungeon Overview and Level Annotations

Branches:
Dungeon (7/15)             Temple (1/1) D:4

Altars:
Ashenzari
Dithmenos
Elyvilon
Hepliaklqana
Kikubaaqudgha
Makhleb
Nemelex Xobeh
Qazlal
Ru
Uskayaw
Wu Jian
Xom
Yredelemnul


Innate Abilities, Weirdness & Mutations

((You are very nimble when in or above water. (Stealth+, EV+, Speed+++)))
Your lower body shifts to a powerful aquatic tail in water.


Message History

You feel sick. The hornet stings you.
You suddenly lose the ability to move!
The hornet stings you!
You shrug off the repeated paralysis!
The hornet stings you!
You feel as though you will be slow longer.
You feel sick. The hornet stings you.
You feel as though you will be slow longer.
You can move again.
You miss the hornet.
The hornet is heavily wounded.
You feel sick. The hornet completely misses you. The hornet stings you.
You are more poisoned.
You shrug off the repeated paralysis!
Unknown command.
You hit the hornet.
The hornet is heavily wounded.
You feel very sick. The hornet closely misses you.
The hornet completely misses you.
Unknown command.
Okay, then.
Aiming: Mindburst
Press: ? - help, Shift-Dir - straight line, f - hornet
Aim: a hornet (heavily wounded, chance to affect: 55%)
The hornet's mind is blasted!
You feel very sick. The hornet stings you!
* * * LOW HITPOINT WARNING * * *
You are lethally poisoned!
You feel as though you will be slow longer.
The hornet stings you.
* * * LOW HITPOINT WARNING * * *
You feel as though you will be slow longer.
Aiming: Mindburst
Press: ? - help, Shift-Dir - straight line, f/p - hornet
Aim: a hornet (almost dead, chance to affect: 55%)
The hornet resists with significant effort.
The now-empty wand crumbles to dust.
* * * LOW HITPOINT WARNING * * *
You feel very sick. The hornet stings you.
You die...

##########........#
#.......##>######.# #
##.#####.##.#####... ##.
...# #.......##..# ... ..#
#..#.##.##..# .. #.#
#.#..)..##..#
.#.##.###.#####..#.#..##..#
.........y.............>..#
......####@#.#####.#..###.#
..... #.....# #.#..###.#
..## #.###.# #........# .
#.# #.# ###......( #.# #.#
#....... ### ### ####.###
♣. .♣ .♣


You could see a hornet.

Vanquished Creatures
  A deep elf pyromancer (D:7)
  A cyclops (D:7)
  Menkaure (D:6)
  Duvessa (D:7)
  2 ice beasts
  An orc warrior (D:6)
  2 sky beasts (D:6)
  A black bear (D:7)
  2 ogres
  3 centaurs
  2 phantoms
  3 bullfrogs
  2 scorpions
  3 necrophages
  Dowan (D:7)
  2 hounds (D:5)
  2 jellies
  3 orc priests
  Terence (D:2)
  6 iguanas
  7 orc wizards
  Robin (D:4)
  8 gnolls
  10 adders
  A shadow imp (D:6)
  An ufetubus (D:7)
  A worm (D:3)
  4 dart slugs
  36 orcs
  2 ball pythons
  5 endoplasms
  5 giant cockroaches
  19 goblins
  3 hobgoblins
  6 kobolds
  5 quokkas
  6 bats
  12 frilled lizards
  4 rats
176 creatures vanquished.

Vanquished Creatures (others)
  An orc wizard (D:4)
  15 plants
16 creatures vanquished.

Grand Total: 192 creatures vanquished

Notes
Turn   | Place    | Note
-------+----------+-------------------------------------------
     0 | D:1      | greasedhog the Merfolk Fighter began the quest for the Orb.
     0 | D:1      | Reached XP level 1. HP: 18/18 MP: 1/1
   145 | D:1      | Reached skill level 1 in Dodging
   145 | D:1      | Reached XP level 2. HP: 21/24 MP: 2/2
   366 | D:1      | Reached skill level 2 in Dodging
   366 | D:1      | Reached XP level 3. HP: 29/29 MP: 3/3
   772 | D:2      | Noticed Terence
   779 | D:2      | Killed Terence
   780 | D:2      | Reached XP level 4. HP: 29/37 MP: 4/4
  1164 | D:2      | You fall into a shaft and drop 2 floors!
  1190 | D:4      | Reached skill level 3 in Dodging
  1403 | D:4      | Reached XP level 5. HP: 42/42 MP: 5/5
  1579 | D:4      | Reached skill level 4 in Dodging
  1601 | D:4      | Reached skill level 5 in Long Blades
  1601 | D:4      | Reached XP level 6. HP: 39/48 MP: 6/6
  1818 | D:4      | Reached skill level 5 in Dodging
  1834 | D:4      | Noticed Robin
  1836 | D:4      | Killed Robin
  1964 | D:4      | Found a staircase to the Ecumenical Temple.
  1971 | Temple   | Entered the Ecumenical Temple
  2204 | D:4      | Reached XP level 7. HP: 31/55 MP: 7/7
  2611 | D:2      | Found a faded altar of an unknown god.
  3111 | D:3      | Reached skill level 6 in Dodging
  3446 | D:3      | Reached skill level 5 in Fighting
  4142 | D:5      | Entered Level 5 of the Dungeon
  4610 | D:5      | Reached skill level 7 in Dodging
  4610 | D:5      | Reached XP level 8. HP: 61/62 MP: 8/8
  5289 | D:5      | Reached skill level 8 in Dodging
  5910 | D:6      | Reached skill level 9 in Dodging
  5910 | D:6      | Reached XP level 9. HP: 64/70 MP: 9/9
  6604 | D:7      | Noticed Duvessa
  6604 | D:7      | Noticed Dowan
  6626 | D:7      | Killed Duvessa
  6633 | D:7      | Killed Dowan
  6823 | D:7      | Noticed a cyclops
  6833 | D:7      | Noticed a deep elf pyromancer
  6985 | D:7      | Killed a deep elf pyromancer
  6986 | D:7      | Reached skill level 10 in Dodging
  7129 | D:7      | Found a shadowy altar of Dithmenos.
  7206 | D:7      | Reached skill level 10 in Long Blades
  7301 | D:7      | Killed a cyclops
  7302 | D:7      | Reached skill level 11 in Dodging
  7400 | D:7      | Noticed Menkaure
  7589 | D:6      | Reached XP level 10. HP: 59/79 MP: 10/10
  7846 | D:6      | Killed Menkaure
  8049 | D:7      | Paralysed by a hornet for 2 turns
  8058 | D:7      | Paralysed by a hornet for 1 turns
  8060 | D:7      | Paralysed by a hornet for 2 turns
  8065 | D:7      | HP: 4/80 [poisoned by a hornet]
  8065 | D:7      | Slain by a hornet

Illustrated notes

Levels and vault maps discovered:
D:1:      minmay_arrival_wavy_path, layout_loops_ring, minmay_misc_feat_iff,
          chequers_garden, chequers_big_river
D:2:      layout_basic, ebering_ecumenical_altar_mist, wad_floor_pattern_1,
          st_stairs_14, minmay_lizard_pond, uniq_terence
D:3:      layout_basic, st_stairs_10, minivault_23, minmay_misc_feat_x
D:4:      layout_basic, minmay_temple_entry_nine_rooms, serial_bayou_lake_a,
          uniq_robin
D:5:      layout_cave_pools
D:6:      layout_basic
D:7:      nzn_winding_woodlands_large [nzn_winding_woodlands_5x5_perimeter,
          nzn_winding_woodlands_5x15_sidewinder,
          nzn_winding_woodlands_5x5_default,
          nzn_winding_woodlands_center_triple_pond,
          nzn_winding_woodlands_15x15_killbox,
          nzn_winding_woodlands_center_lodge,
          nzn_winding_woodlands_5x5_closed_star,
          nzn_winding_woodlands_5x15_garden, nzn_winding_woodlands_5x5_cross],
          layout_loops_ring, lemuel_crystal_altar, uniq_duvessa, uniq_menkaure
Temple:   minmay_temple_bridge_abc

Skill      XL: |  1  2  3  4  5  6  7  8  9 |
---------------+----------------------------+-----
Long Blades    | 3 4 5 7 8 10 | 10.9
Dodging        | 1 2 3 4 5 7 9 11 | 11.5
Fighting       | 4 5 6 7 |  7.6
Armour         | |  2.1
Shields        | |  3.0

Action                   |  1- 3 |  4- 6 |  7- 9 | 10-12 || total
-------------------------+-------+-------+-------+-------++-------
Melee: Long sword        |    82 |   146 |   471 |    35 ||   734
       Tailslap          |     1 |     5 |     2 |       ||     8
Evoke: Wand              |       |       |    11 |     2 ||    13
  Use: Scroll            |       |     4 |     3 |       ||     7
       Potion            |       |     2 |       |     1 ||     3
Armor: Scale mail        |    30 |     2 |       |       ||    32
       Ring mail         |       |    28 |   166 |    10 ||   204
Dodge: Dodged            |    34 |    60 |   293 |    29 ||   416
Block: Buckler           |    24 |    28 |   118 |     9 ||   179

Table legend: (Time is in decaauts)
 A = Elapsed time spent in this place.
 B = Non-inter-level travel time spent in this place.
 C = Inter-level travel time spent in this place.
 D = Time resting spent in this place.
 E = Time spent auto-exploring this place.
 F = Levels seen in this place.
 G = Mean time per level.
                   A        B        C        D        E       F      G
               +--------+--------+--------+--------+--------+-----+--------+
         Total |   8063 |   7631 |    432 |   1843 |   4293 |   8 | 1007.9 |
       Dungeon |   7931 |   7537 |    394 |   1843 |   4204 |   7 | 1133.0 |
        Temple |    131 |     93 |     38 |      0 |     89 |   1 |  131.0 |
               +--------+--------+--------+--------+--------+-----+--------+

Top non-repeatable levels by time:
     D:6: 1790 daAuts
     D:4: 1648 daAuts
     D:5: 1122 daAuts
     D:2: 1013 daAuts
     D:3: 929 daAuts
     D:7: 722 daAuts
     D:1: 705 daAuts
  Temple: 131 daAuts
